AoeStats
← 啊超

QS Arena

503621617Analyzed
2v2 RM · 1mo ago on Sep 1, 2026· 42m 16s· 4 players
Game mode
Random Map
Map size
Medium (4 player)
Population
200
Speed
Normal
Resources
Standard
Victory
Conquest
Starting age
Dark Age
Ending age
Imperial Age
RankedLock teamsTeams togetherTeam positionsShared explorationLock speedFull tech treeHidden civsTurbo modeCheats
Victory
Defeat
🇨🇴 Bohemians · Colombia
1130
+15
🇨🇦 Italians · Canada
1108
+16
🇨🇳 Turks · China
1159
-18
🇹🇼 Persians · Taiwan
1076
-14
Thousk_
8:18 Feudal Age
12:18 Castle Age
11:31 Double-Bit Axe
11:29 Horse Collar
13:27 Bow Saw
23:14 Wheelbarrow
27:17 Imperial Age
27:24 Chemistry
26:09 Pikeman
26:53 Scale Mail Armor
27:04 Forging
27:20 Loom
28:25 Chain Mail Armor
27:35 Halberdier
29:05 Block Printing
29:16 Illumination
32:30 Plate Mail Armor
32:36 Iron Casting
37:41 Houfnice
40:34 Blast Furnace
39:40 Squires
Irving Legend
8:49 Feudal Age
12:40 Castle Age
10:45 Double-Bit Axe
10:41 Horse Collar
13:39 Bow Saw
15:03 Wheelbarrow
21:42 Imperial Age
19:55 Scale Mail Armor
20:15 Masonry
20:28 Squires
20:56 Chain Mail Armor
21:41 Forging
23:22 Plate Mail Armor
23:43 Loom
23:44 Town Watch
26:28 Arson
28:34 Conscription
30:07 Fletching
30:18 Padded Archer Armor
30:35 Hand Cart
30:48 Bodkin Arrow
31:59 Ballistics
32:40 Chemistry
32:01 Heavy Plow
33:05 Bracer
35:10 Leather Archer Armor
36:34 Elite Genoese Crossbowman
39:07 Thumb Ring
mzk_TsushimaRiko
7:49 Feudal Age
11:38 Castle Age
9:37 Double-Bit Axe
9:36 Horse Collar
12:28 Bow Saw
16:44 Loom
18:49 Wheelbarrow
19:52 Town Watch
22:06 Hand Cart
22:07 Town Patrol
22:14 Heavy Plow
22:44 Gold Mining
22:45 Stone Mining
25:07 Masonry
27:41 Imperial Age
27:34 Elite War Elephant
28:35 Conscription
28:39 Husbandry
28:49 Bloodlines
29:54 Chemistry
29:10 Scale Barding Armor
29:16 Forging
31:42 Chain Barding Armor
31:58 Iron Casting
31:14 Fletching
35:24 Plate Barding Armor
35:18 Light Cavalry
37:11 Blast Furnace
36:06 Hussar
37:21 Kamandaran
37:45 Bodkin Arrow
37:50 Padded Archer Armor
38:24 Thumb Ring
37:39 Crossbowman
39:49 Two-Man Saw
40:57 Heavy Camel Rider
啊超
8:40 Feudal Age
13:54 Castle Age
12:18 Loom
12:26 Double-Bit Axe
12:24 Horse Collar
16:39 Bow Saw
27:27 Imperial Age
24:52 Gold Mining
26:00 Padded Archer Armor
26:09 Husbandry
27:20 Gold Shaft Mining
27:53 Fletching
35:15 Stone Mining
39:59 Bodkin Arrow
42:46 Forging
42:37 Scale Mail Armor
42:46 Scale Barding Armor
Connection lost

Rejoining the realm…

Still unreachable

The connection could not be restored.

Session expired

The server has moved on; the page needs a fresh start.